 Dungeon Crawl Stone Soup version 0.29.1-2-gbd0b4ee654 (webtiles) character file.

Game seed: 3685560926955915513

34126 sanboga the Bludgeoner (level 13, -10/111 HPs)
             Began as a Minotaur Monk on Nov 20, 2022.
             Was a High Priest of Hepliaklqana.
             Mangled by a titanic slime creature (84 damage)
             ... on level 14 of the Dungeon.
             The game lasted 00:26:08 (12372 turns).

sanboga the Bludgeoner (Minotaur Monk)             Turns: 12372, Time: 00:26:09

Health: -10/111    AC: 28    Str: 27    XL:     13   Next: 40%
Magic:  12/12      EV: 24    Int:  6    God:    Hepliaklqana [*****.]
Gold:   767        SH:  0    Dex: 18    Spells: 12/12 levels left

rFire   + . .      SeeInvis .   y - +3 dire flail (drain)
rCold   . . .      Faith    .   (shield currently unavailable)
rNeg    + . .      Spirit   .   G - +7 plate armour of Hedge Wizardry {rF+ Will+ Regen+ Dex+2}
rPois   +          Reflect  .   (helmet restricted)
rElec   +          Harm     .   F - +2 ratskin cloak {*Rats rPois rN+ Str-1 Int-1 Dex+1}
rCorr   +          Rampage  .   t - +0 pair of gloves {Str+3}
Will    ++...                   (no boots)
Stlth   ..........              B - amulet of Wehinner {Acrobat rElec Will+ Regen+ rCorr}
HPRegen 1.88/turn               k - +6 ring of strength
MPRegen 0.13/turn               (no ring)

@: mighty, acrobatic
A: reduced essence, horns 2, retaliatory headbutt
a: Renounce Religion, Recall Ancestor, Ancestor Identity, Transference, Idealise


You were on level 14 of the Dungeon.
You worshipped Hepliaklqana.
Hepliaklqana was extremely pleased with you.
You visited 2 branches of the dungeon, and saw 15 of its levels.
You also visited: Sewer and Gauntlet.

You collected 1417 gold pieces.
You spent 650 gold pieces at shops.

Inventory:

Hand Weapons
 u - the +0 staff of Battle
   (You found it on level 8 of the Dungeon)

   It enhances your conjuration magic.
   It summons a battlesphere in combat, with strength depending on Conjurations
   skill.
   Its strikes trigger the battlesphere's blasts.
 y - a +3 dire flail of draining (weapon)
Armour
 t - a +0 pair of gloves of strength (worn)
 F - the +2 ratskin cloak (worn) {*Rats rPois rN+ Str-1 Int-1 Dex+1}
   (You found it on level 12 of the Dungeon)

   When the wearer is hurt, rats may emerge from it to assist them.
   Str:       It affects your strength (-1).
   Int:       It affects your intelligence (-1).
   Dex:       It affects your dexterity (+1).
   rPois:     It protects you from poison.
   rN:        It protects you from negative energy.
 G - the +7 plate armour of Hedge Wizardry (worn) {rF+ Will+ Regen+ Dex+2}
   (You took it off a minotaur in a Gauntlet)

   Dex:       It affects your dexterity (+2).
   rF:        It protects you from fire.
   Regen:     It increases your rate of health regeneration.
   Will:      It increases your willpower.
Jewellery
 j - a ring of fire
 k - a +6 ring of strength (left hand)
 B - the amulet of Wehinner (around neck) {Acrobat rElec Will+ Regen+ rCorr}
   (You found it in a Gauntlet)

   [amulet of the acrobat]

   It increases your evasion while moving and waiting.
   rElec:     It insulates you from electricity.
   Regen:     It increases your rate of health regeneration.
   rCorr:     It protects you from acid and corrosion.
   Will:      It increases your willpower.
Wands
 f - a wand of quicksilver (7)
 o - a wand of flame (20)
 r - a wand of charming (13)
 v - a wand of iceblast (4)
 E - a wand of polymorph (4)
Scrolls
 h - 4 scrolls of enchant weapon
 m - 3 scrolls of teleportation
 p - a scroll of poison
 s - 2 scrolls of summoning {unknown}
 w - 3 scrolls of magic mapping
 x - a scroll of brand weapon
 H - 2 scrolls of enchant armour {unknown}
 I - 2 scrolls of immolation {unknown}
Potions
 a - 4 potions of degeneration {unknown}
 b - 4 potions of flight
 c - a potion of ambrosia
 d - 3 potions of mutation
 e - 3 potions of might
 g - 2 potions of curing {unknown}
 l - 4 potions of cancellation {unknown}
 n - 3 potions of heal wounds {unknown}
 z - 4 potions of haste
 A - a potion of experience {unknown}
 C - a potion of berserk rage {unknown}
 D - a potion of attraction {unknown}


   Skills:
 + Level 14.3 Fighting
 * Level 19.3 Maces & Flails
 + Level 13.8 Armour
 - Level 3.2 Dodging
 - Level 1.5 Stealth


You had 12 spell levels left.
You didn't know any spells.
Your spell library contained the following spells:

 Spells                   Type           Power      Damage    Failure   Level
 Sting                    Tmut/Pois      0%         1d3       98%         1
 Call Imp                 Summ           0%         N/A       99%         2
 Poisonous Vapours        Pois/Air       0%         N/A       99%         2
 Animate Armour           Summ/Erth      0%         N/A       100%        4
 Leda's Liquefaction      Hex/Erth       0%         N/A       100%        4
 Olgreb's Toxic Radiance  Pois           0%         N/A       100%        4
 Passage of Golubria      Tloc           0%         N/A       100%        4
 Lee's Rapid Deconstruct  Erth           0%         3d5*      100%        5
 Silence                  Hex/Air        0%         N/A       100%        5
 Statue Form              Tmut/Erth      0%         N/A       100%        6
 Haunt                    Necr/Summ      0%         N/A       100%        7
 Malign Gateway           Summ/Tloc      0%         N/A       100%        7
 Lehudib's Crystal Spear  Conj/Erth      0%         10d2      100%        8


Dungeon Overview and Level Annotations

Branches:
Dungeon (14/15)            Temple (1/1) D:4            Lair (0/5) D:9
    Orc (0/2) D:9          Vaults (0/5) D:13          Sewer (visited)
Gauntlet (visited)

Altars:
Ashenzari
Cheibriados
Dithmenos
Elyvilon
Fedhas
Gozag
Hepliaklqana
Kikubaaqudgha
Makhleb
Nemelex Xobeh
Okawaru
Qazlal
Ru
Sif Muna
Trog
Uskayaw
Vehumet
Wu Jian
Xom
Yredelemnul
Zin
The Shining One

Shops:
D:3 *   D:4 :   D:7 [

Annotations:
D:14 2 transporters


Innate Abilities, Weirdness & Mutations

Your life essence is reduced to manifest your ancestor. (-10% HP)
You have a pair of horns on your head.
You reflexively headbutt those who attack you in melee.


Message History

You impale Azrael!! You headbutt Azrael!
Azrael is severely wounded.
The boggart hits Sally.
The large slime creature hits you!!
A river rat scurries out from under your cloak.
Azrael hits you with a +1 scimitar of flaming!
Azrael burns you.
A hell rat scurries out from under your cloak.
Your river rat bites the large slime creature.
You puncture Azrael! You headbutt Azrael!
Azrael is almost dead.
The boggart hits Sally but does no damage.
Two slime creatures merge to form a very large slime creature.
Azrael hits you but does no damage.
You puncture Azrael!
You kill Azrael!
The boulder beetle leaps!
Your river rat closely misses the very large slime creature.
The boggart casts a spell.
The boggart flickers and vanishes!
Deactivating autopickup; reactivate with Ctrl-A.
You swap places.
Sally barely misses something.
Two slime creatures merge to form a titanic slime creature.
Your hell rat completely misses the titanic slime creature.
Sally hits something with a +0 dagger of draining!
Your river rat bites the titanic slime creature.
You see here a +1 scimitar of flaming.
You swap places.
Sally barely misses the titanic slime creature.
The titanic slime creature completely misses you.
Your river rat bites the titanic slime creature.
Sally casts a spell at the titanic slime creature.
The titanic slime creature seems to slow down.
You swap places.
The boggart mumbles some strange words.
The boggart blinks!
Sally hits the titanic slime creature with a +0 dagger of draining!
Your river rat bites the titanic slime creature.
The titanic slime creature hits you!!!!
Ouch! That really hurt!
You die...

#...... .#.# ..#.... ...
#.#...###.## .#.#.......
#.#....#.#######
.#.#...........#
#.#.......####.########.
.#.#.....C..{..rrBg§....
#.#....#..#.##.#@JD..C..
.#.#...#..#.##.#R######.
#.#..).#..#.##.#r#
.#.#......#.##.#........
#.#†...##.#.##.#.#######
.#.#......#.##.#.#
#.#.......#.##.###
.#.#.........
#.#..........


You could see the friendly Sally the hexer, a boulder beetle (summoned), a
seven-headed hydra (summoned), a titanic slime creature (slow, drained, ally
target), 2 cyclopes, a boggart, a friendly hell rat and 2 friendly river rats.

Vanquished Creatures
  A minotaur (Gauntlet)
  Azrael (D:14)
  An entropy weaver (Gauntlet)
  A boulder beetle (D:12)
  An ogre mage (D:13)
  5 two-headed ogres
  A centaur warrior (D:13)
  A tengu warrior (D:13)
  5 death yaks (D:8)
  14 slime creatures
  Lodul (D:10)
  Pikel (D:7)
  7 ugly things
  3 manticores
  A cyclops (D:11)
  A smoke demon (Gauntlet)
  Maggie (D:7)
  An unseen horror (D:13)
  A komodo dragon (D:11)
  A kobold demonologist (D:9)
  An efreet (D:13)
  A red devil (Gauntlet)
  2 tengu conjurers
  A hornet (D:10)
  2 trolls
  A jumping spider (Gauntlet)
  A shadow (D:12)
  13 yaks
  A wraith (D:11)
  2 vampires (D:12)
  2 fire elementals (D:14)
  A wyvern (D:11)
  Sigmund (D:4)
  8 vampire mosquitoes
  A steam dragon (D:7)
  A water moccasin (D:6)
  An acid dragon (D:12)
  2 hell hounds (D:14)
  4 orc warriors
  2 black bears
  An ice beast (D:7)
  A sky beast (D:7)
  3 centaurs
  9 ogres
  A lemure (D:7)
  2 phantoms
  3 kobold brigands
  5 bullfrogs
  17 wights
  Dowan (D:7)
  3 killer bees
  4 howler monkeys
  3 crimson imps (Gauntlet)
  4 orc priests
  A hound (D:6)
  4 jellies
  Crazy Yiuf (D:3)
  2 gnoll boudas
  3 iron imps (D:6)
  2 iguanas (D:4)
  7 orc wizards
  Natasha (thrice) (D:3)
  9 gnolls
  11 adders
  2 shadow imps
  A white imp (D:4)
  4 worms
  4 dart slugs
  21 orcs
  8 endoplasms
  6 giant cockroaches
  12 goblins
  10 hobgoblins
  4 jackals
  5 quokkas
  10 ball pythons
  7 bats
  11 frilled lizards
  21 kobolds
  7 rats
330 creatures vanquished.

Vanquished Creatures (collateral kills)
  Agnes (D:14)
  A two-headed ogre (D:13)
  A gargoyle (D:11)
  A troll (D:7)
  2 slime creatures (D:12)
  A wyvern (D:11)
  A steam dragon (D:10)
  Duvessa (D:7)
  An orc warrior (D:12)
  An ice beast (D:7)
  A killer bee (D:9)
  An orc priest (D:7)
  An orc wizard (D:9)
  6 orcs
  A hobgoblin (D:7)
  A kobold (D:7)
22 creatures vanquished.

Vanquished Creatures (others)
  6 hexers
  4 plants (D:4)
10 creatures vanquished.

Grand Total: 362 creatures vanquished

Notes
Turn   | Place    | Note
-------+----------+-------------------------------------------
     0 | D:1      | sanboga the Minotaur Monk began the quest for the Orb.
     0 | D:1      | Reached XP level 1. HP: 19/19 MP: 0/0
   264 | D:1      | Reached skill level 4 in Maces & Flails
   267 | D:1      | Reached XP level 2. HP: 22/27 MP: 1/1
   268 | D:1      | Reached skill level 1 in Armour
   383 | D:1      | Reached XP level 3. HP: 25/33 MP: 2/2
  1223 | D:2      | Reached skill level 5 in Maces & Flails
  1223 | D:2      | Reached XP level 4. HP: 35/40 MP: 3/3
  1232 | D:2      | Identified the +5 mace of the Black Skies {protect,
                  | *Corrode rElec Str+6 SInv}
  1995 | D:3      | Found a glowing golden altar of the Shining One.
  2023 | D:3      | Found Uwumnir's Assorted Antiques.
  2038 | D:3      | Bought a grey potion for 24 gold pieces
  2038 | D:3      | Bought a scroll labelled HAECWORINE for 27 gold pieces
  2038 | D:3      | Bought a scroll labelled HAECWORINE for 27 gold pieces
  2229 | D:3      | Found a runed translucent door.
  2230 | D:3      | Noticed Crazy Yiuf
  2341 | D:3      | Killed Crazy Yiuf
  2342 | D:3      | Reached XP level 5. HP: 47/47 MP: 4/4
  2419 | D:3      | Found a faded altar of an unknown god.
  2596 | D:3      | Noticed Natasha
  2602 | D:3      | Killed Natasha
  2649 | D:3      | Found a stormy altar of Qazlal.
  2856 | D:3      | Noticed Natasha
  2863 | D:3      | Killed Natasha
  2864 | D:3      | Reached skill level 6 in Maces & Flails
  2932 | D:3      | Noticed Natasha
  2943 | D:3      | Killed Natasha
  3190 | D:4      | Found Huicom's Book Shop.
  3212 | D:4      | Reached skill level 5 in Fighting
  3222 | D:4      | Reached XP level 6. HP: 36/56 MP: 5/5
  3383 | D:4      | Found a staircase to the Ecumenical Temple.
  3431 | Temple   | Entered the Ecumenical Temple
  3597 | D:4      | Noticed Sigmund
  3608 | D:4      | Killed Sigmund
  3609 | D:4      | Reached skill level 7 in Maces & Flails
  3643 | D:4      | Reached XP level 7. HP: 61/61 MP: 6/6
  4162 | D:5      | Entered Level 5 of the Dungeon
  4229 | D:5      | Found a glowing drain.
  4245 | Sewer    | Entered a sewer
  4480 | Sewer    | Reached skill level 8 in Maces & Flails
  4509 | Sewer    | Got the Volume of Convocation
  4651 | D:5      | Found an ancient bone altar of Kikubaaqudgha.
  5254 | D:6      | Reached skill level 5 in Armour
  5299 | D:6      | Reached XP level 8. HP: 61/71 MP: 7/7
  5326 | D:6      | Found a burning altar of Makhleb.
  5385 | D:6      | Found a basalt altar of Yredelemnul.
  5467 | D:6      | Reached skill level 9 in Maces & Flails
  5877 | D:7      | Found a hazy altar of Hepliaklqana.
  5894 | D:7      | Became a worshipper of Hepliaklqana the Forgotten
  5894 | D:7      | Reached * piety under Hepliaklqana
  5894 | D:7      | Reached ** piety under Hepliaklqana
  5897 | D:7      | Remembered your ancestor Sally as a hexer
  5899 | D:7      | Reached skill level 10 in Maces & Flails
  5934 | D:7      | Noticed a troll
  6060 | D:7      | Killed a troll
  6061 | D:7      | Reached XP level 9. HP: 44/72 MP: 8/8
  6226 | D:7      | Noticed Pikel
  6233 | D:7      | Killed Pikel
  6234 | D:7      | Reached skill level 11 in Maces & Flails
  6473 | D:7      | Noticed Maggie
  6483 | D:7      | Killed Maggie
  6508 | D:7      | Reached skill level 12 in Maces & Flails
  6508 | D:7      | Found Pean's Antique Armour Shoppe.
  6589 | D:7      | Noticed Duvessa
  6589 | D:7      | Noticed Dowan
  6598 | D:7      | Killed Duvessa
  6602 | D:7      | Killed Dowan
  6619 | D:7      | Found an ornate altar of the Wu Jian Council.
  6806 | D:8      | Reached *** piety under Hepliaklqana
  6877 | D:8      | Found a glowing silver altar of Zin.
  6882 | D:8      | Found a sacrificial altar of Ru.
  6892 | D:8      | Found a hide-covered altar of Uskayaw.
  7102 | D:8      | Reached XP level 10. HP: 81/81 MP: 9/9
  7231 | D:7      | Bought a glowing plate armour for 572 gold pieces
  7313 | D:8      | Found the +0 staff of Battle
  7508 | D:9      | Found a blossoming altar of Fedhas.
  7527 | D:8      | Reached skill level 13 in Maces & Flails
  7561 | D:9      | Noticed a death yak
  7562 | D:9      | Noticed a two-headed ogre
  7562 | D:9      | Noticed a death yak
  7564 | D:9      | Found a staircase to the Lair.
  7564 | D:9      | Noticed a death yak
  7564 | D:9      | Noticed a death yak
  7566 | D:9      | Noticed a rust devil
  7581 | D:8      | Killed a death yak
  8004 | D:9      | Noticed a death yak
  8013 | D:8      | Killed a death yak
  8014 | D:8      | Reached skill level 10 in Fighting
  8055 | D:8      | Killed a death yak
  8169 | D:8      | Killed a death yak
  8170 | D:8      | Reached skill level 14 in Maces & Flails
  8216 | D:8      | Killed a death yak
  8217 | D:8      | Reached skill level 10 in Armour
  8223 | D:9      | Reached XP level 11. HP: 85/90 MP: 10/10
  8269 | D:8      | Killed a two-headed ogre
  8340 | D:9      | Found a staircase to the Orcish Mines.
  8385 | D:9      | Found a bloodstained altar of Trog.
  8489 | D:9      | Identified the +7 flail of Pisk {vamp, rN+ Str+4 Stlth-}
  8649 | D:9      | Reached skill level 15 in Maces & Flails
  8839 | D:10     | Entered Level 10 of the Dungeon
  8852 | D:10     | Reached **** piety under Hepliaklqana
  9234 | D:10     | Found a sparkling altar of Nemelex Xobeh.
  9472 | D:11     | Noticed a two-headed ogre
  9482 | D:10     | Killed a two-headed ogre
  9550 | D:11     | Noticed Lodul
  9577 | D:10     | Reached skill level 16 in Maces & Flails
  9588 | D:10     | Killed Lodul
  9811 | D:11     | Found a white marble altar of Elyvilon.
  9826 | D:11     | Noticed a two-headed ogre
  9839 | D:11     | Killed a two-headed ogre
  9870 | D:11     | Reached XP level 12. HP: 61/101 MP: 11/11
 10266 | D:12     | Found a gate leading to a gauntlet.
 10286 | Gauntlet | Entered a Gauntlet
 10286 | Gauntlet | Noticed a catoblepas
 10286 | Gauntlet | Found a transporter.
 10286 | Gauntlet | Found a transporter.
 10290 | Gauntlet | Found a transporter.
 10291 | Gauntlet | Found a transporter.
 10293 | Gauntlet | Found a transporter.
 10303 | Gauntlet | Reached ***** piety under Hepliaklqana
 10305 | Gauntlet | Found a runed translucent door.
 10306 | Gauntlet | Found a transporter.
 10307 | Gauntlet | Found a runed translucent door.
 10308 | Gauntlet | Found a transporter.
 10340 | Gauntlet | Found a transporter.
 10343 | Gauntlet | Found a transporter.
 10343 | Gauntlet | Found a transporter.
 10347 | Gauntlet | Noticed a reaper
 10354 | Gauntlet | Found a transporter.
 10370 | Gauntlet | Found a transporter.
 10378 | Gauntlet | Found a runed translucent door.
 10380 | Gauntlet | Found a transporter.
 10382 | Gauntlet | Found a runed translucent door.
 10383 | Gauntlet | Noticed an entropy weaver
 10394 | Gauntlet | Found a transporter.
 10758 | Gauntlet | Identified the amulet of Wehinner {Acrobat rElec Will+
                  | Regen+ rCorr}
 10925 | Gauntlet | Reached skill level 17 in Maces & Flails
 11026 | Gauntlet | Killed an entropy weaver
 11072 | Gauntlet | Identified the +7 plate armour of Hedge Wizardry {rF+ Will+
                  | Regen+ Dex+2}
 11072 | Gauntlet | Identified the ring "Cocaoke" {rPois rF- Int+3}
 11072 | Gauntlet | Noticed a minotaur
 11083 | Gauntlet | Killed a minotaur
 11128 | D:12     | Noticed a boulder beetle
 11149 | D:12     | Killed a boulder beetle
 11339 | D:12     | Reached skill level 18 in Maces & Flails
 11374 | D:12     | Found the +2 ratskin cloak {*Rats rPois rN+ Str-1 Int-1
                  | Dex+1}
 11618 | D:13     | Noticed an ogre mage
 11619 | D:13     | Noticed a two-headed ogre
 11620 | D:13     | Noticed a two-headed ogre
 11624 | D:13     | Found a gate to the Vaults.
 11627 | D:13     | Killed an ogre mage
 11629 | D:13     | Killed a two-headed ogre
 11635 | D:13     | Killed a two-headed ogre
 11653 | D:13     | Noticed a tengu warrior
 11667 | D:13     | Killed a tengu warrior
 11723 | D:13     | Reached XP level 13. HP: 110/110 MP: 12/12
 12176 | D:14     | Found a transporter.
 12185 | D:14     | Found a transporter.
 12216 | D:14     | Reached skill level 19 in Maces & Flails
 12242 | D:14     | Noticed Agnes
 12249 | D:14     | Killed Agnes
 12361 | D:14     | Noticed Azrael
 12369 | D:14     | Killed Azrael
 12372 | D:14     | Mangled by a titanic slime creature

Illustrated notes

Levels and vault maps discovered:
D:1:      mrwooster_arrival_statue_2, layout_loops_ring
D:2:      layout_rooms, fountainhead, minmay_3d_cube
D:3:      layout_basic, mainiacjoe_overflow_alcove_4,
          nicolae_tso_carved_into_rock, basic_ecumenical_altar, serial_shops,
          shop, uniq_natasha, uniq_crazy_yiuf_cottage
D:4:      cheibrodos_old_hovel, layout_basic,
          minmay_temple_entry_drinking_statues, serial_shops, shop_statue,
          uniq_sigmund
D:5:      layout_loops_cross, amcnicky_altar_gilded, cheibrodos_sewer_entry_bend
D:6:      layout_basic, demons_altar, mainiacjoe_overflow_small_starburst
D:7:      corexii_shack_village, layout_rooms, lemuel_coloured_pillars_altar,
          mainiacjoe_overflow_catwalk, serial_shops, nicolae_shop_crystal,
          uniq_maggie, uniq_duvessa, uniq_pikel
D:8:      layout_loops_ring, nicolae_ru_the_path_less_chosen,
          nicolae_overflow_hidden_temple,
          hellmonk_guarded_unrand_staff_of_battle
D:9:      layout_rooms, mainiacjoe_overflow_paths,
          nicolae_overflow_crystal_walls, dpeg_lair_monsters,
          minmay_orc_entry_temple_small
D:10:     layout_basic, nemelex_diamond_rough_becter
D:11:     layout_cave_pools, elyvilon_altar_1, uniq_lodul
D:12:     layout_cave_pools, gauntlet_entry_generic
D:13:     layout_loops_ring, david_vaults_2, grunt_ministairs_1
D:14:     evilmike_iron_armoury, layout_basic, serial_shops, nicolae_shop_stone,
          serial_nicolae_subway, nicolae_sub_station_metal,
          nicolae_sub_station_stone, nicolae_sub_station_crystal, uniq_agnes,
          uniq_azrael
Temple:   nicolae_temple_ecumenical_triangle

Skill      XL: |  1  2  3  4  5  6  7  8  9 10 11 12 13 |
---------------+----------------------------------------+-----
Maces & Flails | 4 5 6 7 8 10 12 14 16 18 19 | 19.3
Armour         | 1 2 3 4 5 6 8 10 11 13 | 13.8
Fighting       | 4 5 6 7 9 10 12 13 14 | 14.3
Dodging        | |  3.2
Stealth        | |  1.5

Action                   |  1- 3 |  4- 6 |  7- 9 | 10-12 | 13-15 || total
-------------------------+-------+-------+-------+-------+-------++-------
Melee: Mace              |    18 |    82 |   154 |       |       ||   254
       Headbutt          |    15 |     9 |    55 |   114 |    23 ||   216
       Punch             |     3 |     1 |       |     3 |       ||     7
       Flail             |    60 |     1 |   117 |   213 |       ||   391
       Dire flail        |       |       |       |   214 |    81 ||   295
Invok: Ancestor Life: He |       |       |     1 |       |       ||     1
       Ancestor Identity |       |       |     1 |       |       ||     1
       Recall Ancestor   |       |       |       |     2 |       ||     2
  Use: Scroll            |       |     2 |    13 |     3 |     1 ||    19
       Potion            |       |       |       |       |     1 ||     1
 Stab: Sleeping          |     4 |     5 |       |       |       ||     9
       Confused          |       |       |     1 |     9 |     1 ||    11
       Distracted        |       |       |       |     6 |     1 ||     7
Armor: Robe              |    11 |    16 |       |       |       ||    27
       Chain mail        |       |     8 |   147 |     1 |       ||   156
       Plate armour      |       |       |       |   198 |    49 ||   247
Dodge: Dodged            |    76 |    51 |   145 |   148 |    33 ||   453
